 Dungeon Crawl Stone Soup version 0.30-a0-368-g86fb4627a9 (webtiles) character file.

Game seed: 12280657001326267736

47 illnessss the Chopper (level 3, -9/30 HPs)
             Began as a Minotaur Gladiator on Nov 20, 2022.
             Mangled by Crazy Yiuf
             ... wielding a +4 quarterstaff of chaos
              (11 damage)
             ... on level 2 of the Dungeon.
             The game lasted 00:03:04 (975 turns).

illnessss the Chopper (Minotaur Gladiator)           Turns: 975, Time: 00:03:04

Health: -9/30      AC:  8    Str: 20    XL:     3   Next: 48%
Magic:  2/2        EV:  8    Int:  5    God:
Gold:   58         SH:  0    Dex: 11    Spells: 2/2 levels left

rFire   . . .      SeeInvis .    a - +0 war axe
rCold   . . .      Faith    .    (no shield)
rNeg    . . .      Spirit   .    j - +0 chain mail
rPois   .          Reflect  .    c - +0 hat
rElec   .          Harm     .    (no cloak)
rCorr   .          Rampage  .    (no gloves)
Will    .....                    (no boots)
Stlth   ..........               (no amulet)
HPRegen 0.25/turn                (no ring)
MPRegen 0.08/turn                (no ring)

@: hasted, very quick
A: horns 2, retaliatory headbutt
a: no special abilities


You were on level 2 of the Dungeon.
You visited 1 branch of the dungeon, and saw 2 of its levels.

You collected 58 gold pieces.

Inventory:

Hand Weapons
 a - a +0 war axe (weapon)
Missiles
 d - 3 throwing nets (quivered)
 e - a javelin
Armour
 b - a +0 leather armour
 c - a +0 hat (worn)
 j - a +0 chain mail (worn)
Scrolls
 h - a scroll of silence {unknown}
 i - a scroll of amnesia {unknown}
 k - 3 scrolls of immolation {unknown}
 l - 2 scrolls of identify {unknown}
 m - a scroll of teleportation {unknown}
Potions
 f - a potion of berserk rage {unknown}
 g - a potion of attraction {unknown}
 n - a potion of haste {unknown}
 o - a potion of heal wounds {unknown}


   Skills:
 + Level 2.6 Fighting
 + Level 4.4 Axes
 + Level 2.1 Throwing
 + Level 0.9 Armour
 + Level 4.0 Dodging


You had 2 spell levels left.
You didn't know any spells.
Your spell library contained the following spells:

 Spells                   Type           Power      Damage    Failure   Level
 Summon Small Mammal      Summ           0%         N/A       99%         1
 Call Canine Familiar     Summ           0%         N/A       100%        3
 Summon Guardian Golem    Hex/Summ       0%         N/A       100%        3


Dungeon Overview and Level Annotations

Branches:
Dungeon (2/15)

Altars:

Annotations:
D:2 Crazy Yiuf


Innate Abilities, Weirdness & Mutations

You have a pair of horns on your head.
You reflexively headbutt those who attack you in melee.


Message History

You kill the hobgoblin!
You see here a hobgoblin corpse.
There is a stone staircase leading down here.
You see here a ball python corpse.
You see here a frilled lizard corpse.
Found four hammers.
Found a runed translucent door.
Crazy Yiuf shouts!
You see here a +0 hammer.
You see here a +0 hammer.
You see here a +0 hammer.
You see here a +0 hammer.
You see here a hobgoblin corpse.
You see here a +0 vampiric whip.
There is a stone staircase leading down here.
You see here a +0 hammer.
Crazy Yiuf shouts!
Crazy Yiuf says, "Snower water noodlescoop!"
You see here a +0 hammer.
You open the door.
Crazy Yiuf whimpers, "Mugger turtle ladder!"
You hit Crazy Yiuf but do no damage. You headbutt Crazy Yiuf.
Crazy Yiuf is lightly wounded.
Crazy Yiuf hits you with a +4 quarterstaff of chaos!
Crazy Yiuf freezes you.
You barely miss Crazy Yiuf. Your headbutt misses Crazy Yiuf.
Crazy Yiuf is lightly wounded.
Crazy Yiuf hits you with a +4 quarterstaff of chaos!
* * * LOW HITPOINT WARNING * * *
You feel yourself speed up.
You hit Crazy Yiuf but do no damage.
Crazy Yiuf is lightly wounded.
Crazy Yiuf hits you with a +4 quarterstaff of chaos.
* * * LOW HITPOINT WARNING * * *
Crazy Yiuf burns you.
* * * LOW HITPOINT WARNING * * *
Crazy Yiuf is nearby!
You slash Crazy Yiuf!
Crazy Yiuf is heavily wounded.
Crazy Yiuf hits you with a +4 quarterstaff of chaos!
You die...

######
#....###..######.#.
#....# #...........
♣....♣ ##..#####...
♣♣..)♣ #...# #.##
♣♣.♣♣ #.#.# #.#
♣♣.♣ #.#.# #.# ♣.♣♣
#.#.# ###.## ♣♣)♣
#...# #..... ♣@♣♣
#.#.# #..... #g#
#.#.# #..... )..
#.#.# #..... #...#
#.#.###..... #)..#
#.#.†..##### #####
#....#.###
#....#...###
#..#####....
#....#...#..


You could see Crazy Yiuf.

Vanquished Creatures
  2 adders (D:2)
  A worm (D:2)
  A dart slug (D:2)
  3 ball pythons (D:2)
  2 endoplasms (D:2)
  A giant cockroach (D:2)
  A goblin (D:2)
  4 hobgoblins (D:2)
  2 quokkas (D:2)
  A bat (D:2)
  2 frilled lizards (D:2)
  A kobold (D:2)
  2 rats (D:2)
23 creatures vanquished.

Notes
Turn   | Place    | Note
-------+----------+-------------------------------------------
     0 | D:1      | illnessss the Minotaur Gladiator began the quest for the
                  | Orb.
     0 | D:1      | Reached XP level 1. HP: 18/18 MP: 0/0
     9 | D:1      | You fall into a shaft and drop 1 floor!
   103 | D:2      | Reached XP level 2. HP: 25/25 MP: 1/1
   506 | D:2      | Reached XP level 3. HP: 29/30 MP: 2/2
   773 | D:2      | Found a runed translucent door.
   774 | D:2      | Noticed Crazy Yiuf
   975 | D:2      | Mangled by Crazy Yiuf

Illustrated notes

Levels and vault maps discovered:
D:1:      minmay_arrival_radiant_lines, layout_basic, serial_shops, shop_statue,
          basic_ecumenical_altar
D:2:      layout_loops_cross, minmay_pentomino_s2, uniq_crazy_yiuf_cottage

Skill      XL: |  1  2  3 |
---------------+----------+-----
Axes           | 4 |  4.4
Dodging        | 4 |  4.0
Fighting       | |  2.6
Throwing       | |  2.1
Armour         | |  0.9

Action                   || total
-------------------------++-------
Melee: War axe           ||    56
       Headbutt          ||     7
Armor: Chain mail        ||    19
       Leather armour    ||     1
Dodge: Dodged            ||    41

Table legend: (Time is in decaauts)
 A = Elapsed time spent in this place.
 B = Non-inter-level travel time spent in this place.
 C = Inter-level travel time spent in this place.
 D = Time resting spent in this place.
 E = Time spent auto-exploring this place.
 F = Levels seen in this place.
 G = Mean time per level.
                   A        B        C        D        E       F      G
               +--------+--------+--------+--------+--------+-----+--------+
         Total |    990 |    984 |      6 |      0 |    700 |   2 |  495.0 |
       Dungeon |    990 |    984 |      6 |      0 |    700 |   2 |  495.0 |
               +--------+--------+--------+--------+--------+-----+--------+

Top non-repeatable levels by time:
     D:2: 981 daAuts
     D:1: 9 daAuts
